 Dungeon Crawl Stone Soup version 0.19.1-1-g22dce08 (webtiles) character file.

6333 Mefis the Thaumaturge (level 10, -14/50 HPs)
             Began as a Deep Elf Wizard on Jan 15, 2017.
             Was a Believer of Sif Muna.
             Hit by a stone thrown by a minotaur (33 damage)
             ... in a labyrinth.
             The game lasted 00:51:00 (13786 turns).

Mefis the Thaumaturge (Deep Elf Wizard)            Turns: 13786, Time: 00:51:02

Health: -14/50     AC:  4    Str:  1    XL:     10   Next: 64%
Magic:  15/27      EV: 17    Int: 34    God:    Sif Muna [**....]
Gold:   312        SH:  0    Dex: 18    Spells: 9 memorised, 9 levels left

rFire  + . .     SeeInvis .     e - +2 spear (freeze)
rCold  . . .     Gourm    .     a - +0 robe
rNeg   . . .     Faith    .     (no shield)
rPois  .         Spirit   .     b - +0 hat
rElec  .         Reflect  .     Q - +0 cloak
rCorr  .         Harm     .     (no gloves)
MR     +....                    m - +0 pair of boots of Spite {Str-3 Int+7 Dex+5}
Stlth  ++++......               (no amulet)
                                (no ring)
                                D - ring of protection from fire

@: repel missiles
A: no striking features
a: Divine Energy, Renounce Religion


You were in a labyrinth.
You worshipped Sif Muna.
Sif Muna was pleased with you.
You were hungry.

You visited 3 branches of the dungeon, and saw 11 of its levels.
You also visited: Labyrinth and Sewer.

You collected 782 gold pieces.
You spent 470 gold pieces at shops.

Inventory:

Hand Weapons
 e - a +2 spear of freezing (weapon)
 f - a +2 dagger of protection
 p - a +2 falchion of slicing
 q - a cursed -2 dagger
Missiles
 n - 52 sling bullets
 t - 30 poisoned needles
 M - 3 poisoned tomahawks (quivered)
Armour
 a - a +0 robe (worn)
 b - a +0 hat (worn)
 m - the +0 pair of boots of Spite (worn) {Str-3 Int+7 Dex+5}
   (You bought it in a shop on level 4 of the Dungeon)

   It affects your strength (-3).
   It affects your intelligence (+7).
   It affects your dexterity (+5).
 I - a +0 buckler
 Q - a +0 cloak (worn)
Jewellery
 D - a ring of protection from fire (left hand)
 K - an uncursed ring of flight {unknown}
Wands
 y - a wand of lightning (0/15)
 F - a wand of flame (0/48)
 R - a wand of flame (19/48)
Scrolls
 g - 4 scrolls of remove curse
 o - 2 scrolls of fear
 r - a scroll of blinking
 s - 2 scrolls of enchant armour
 v - a scroll of recharging
 x - a scroll of random uselessness
 J - a scroll of fog
 L - a scroll of silence {unknown}
 O - a scroll of magic mapping {unknown}
 S - a scroll of enchant weapon {unknown}
 U - a scroll of amnesia {unknown}
Potions
 i - 4 potions of lignification {unknown}
 j - 6 potions of curing
 l - a potion of ambrosia {unknown}
 u - 4 potions of flight
 A - 2 potions of might
 N - 2 potions of brilliance {unknown}
 P - a potion of heal wounds {unknown}
Books
 c - a book of Minor Magic

   Spells                             Type                      Level
   a - Magic Dart                     Conjuration                  1
   b - Blink                          Translocation                2
   c - Call Imp                       Summoning                    2
   d - Repel Missiles                 Charms/Air                   2
   e - Slow                           Hexes                        2
   f - Conjure Flame                  Conjuration/Fire             3
   g - Mephitic Cloud                 Conjuration/Poison/Air       3
 z - a book of Debilitation

   Spells                             Type                      Level
   a - Corona                         Hexes                        1
   b - Slow                           Hexes                        2
   c - Gell's Gravitas                Hexes/Translocation          3
   d - Inner Flame                    Hexes/Fire                   3
   e - Cause Fear                     Hexes                        4
   f - Leda's Liquefaction            Hexes/Earth                  4
 B - a book of Changes

   Spells                             Type                      Level
   a - Beastly Appendage              Transmutation                1
   b - Sticks to Snakes               Transmutation                2
   c - Spider Form                    Transmutation/Poison         3
   d - Ice Form                       Ice/Transmutation            4
   e - Blade Hands                    Transmutation                5
Comestibles
 d - 5 bread rations
 k - 17 fruits
 C - 4 beef jerkies
 E - a royal jelly
 G - a meat ration
 H - 2 slices of pizza


   Skills:
 + Level 0.0 Fighting
 + Level 7.0 Dodging
 - Level 7.8 Stealth
 + Level 1.7 Shields
 * Level 11.1 Spellcasting
 + Level 6.3 Conjurations
 + Level 6.5 Hexes
 + Level 4.2 Charms
 + Level 3.4 Summonings
 - Level 1.1 Translocations
 - Level 4.4 Air Magic
 - Level 1.6 Poison Magic
 + Level 3.8 Invocations
 + Level 3.7 Evocations


You had 9 spell levels left.
You knew the following spells:

 Your Spells              Type           Power        Failure   Level  Hunger
a - Magic Dart            Conj           ####         1%          1    None
b - Call Imp              Summ           #####...     1%          2    None
c - Blink                 Tloc           N/A          2%          2    None
d - Repel Missiles        Chrm/Air       #####.       1%          2    None
e - Mephitic Cloud        Conj/Pois/Air  #####...     1%          3    None
f - Conjure Flame         Conj/Fire      #####...     1%          3    None
g - Slow                  Hex            ######..     1%          2    None
h - Cause Fear            Hex            ######....   1%          4    None
q - Inner Flame           Hex/Fire       #####...     1%          3    None


Dungeon Overview and Level Annotations

Branches:
Dungeon (9/15)             Temple (1/1) D:6            Lair (1/6) D:9
    Orc: D:9-12

Altars:
Ashenzari
Cheibriados
Dithmenos
Elyvilon
Fedhas
Gozag
Hepliaklqana
Kikubaaqudgha
Makhleb
Nemelex Xobeh
Okawaru
Qazlal
Ru
Sif Muna
Trog
Uskayaw
Vehumet
Xom
Yredelemnul
Zin
The Shining One

Shops:
D:4 [   D:5 *   D:7 *

Annotations:
D:2 tree
D:4 334 boot
D:5 676 acquire, eels, exclusion: 3 doors
D:8 TuxedoFelix's ghost, journeyman HuFi
D:9 PeterLawrence's ghost, novice GrFi


Message History

Casting: Conjure Flame
Confirm with . or Enter, or press ? or * to list all spells.
Aiming: Conjure Flame
Press: ? - help, Dir - move target cursor, p - minotaur The fire roars!
The minotaur is engulfed in roaring flames.
The minotaur seems less confused.
The minotaur throws a stone.
The stone is repelled.
Casting: Conjure Flame
Confirm with . or Enter, or press ? or * to list all spells.
Aiming: Mephitic Cloud
Press: ? - help, Shift-Dir - straight line, f - minotaur
Aim: a minotaur, wielding a rod of inaccuracy, wearing smoking fire dragon scales and wearing a twisted garnet amulet (severely wounded, slow)
The ball explodes into a vile cloud!
The stinking cloud engulfs the minotaur.
The minotaur is severely wounded.
The minotaur is engulfed in noxious fumes.
The minotaur throws a stone.
The stone hits you!!
Ouch! That really hurt!
You die...

# # ## ..
...#.# . .
..# # ####
###.. . .#
( H #.. ###
#( #
##.#.#...
.# # #.#.#
.. # #
.#...# .##
. # .
H.#@###.# #
###
####.....#
#...
.H..H§###.#
.#
########§#
. .. ...#
.. # .... .
# #.#### .
. . ##


You could see a minotaur.

Vanquished Creatures
  Pikel (D:8)
  A deep elf mage (D:8)
  3 slime creatures (D:8)
  A hippogriff (D:9)
  A yak (D:9)
  2 hungry ghosts
  2 water moccasins
  2 sky beasts (D:7)
  A slave (D:8)
  An eye of draining (D:5)
  3 orc warriors
  An ice beast (D:5)
  2 ogres
  A black bear (D:6)
  4 centaurs
  A big kobold (Sewer)
  5 bullfrogs
  4 killer bees (D:8)
  2 scorpions
  4 howler monkeys
  A bullfrog zombie (D:5)
  3 crimson imps
  A centaur zombie (D:5)
  5 hounds
  2 jellies (D:8)
  2 bullfrog skeletons
  9 orc priests
  4 centaur skeletons
  13 orc wizards
  3 iron imps (D:5)
  3 iguanas
  Natasha (thrice) (D:2)
  8 worker ants
  A hound zombie (D:4)
  A hound skeleton (D:9)
  A worker ant zombie (D:7)
  6 gnolls
  12 adders
  A river rat (D:5)
  A shadow imp (D:9)
  2 oozes
  3 adder skeletons
  3 dart slugs
  7 leopard geckos
  46 orcs
  3 ball pythons
  A giant cockroach (D:2)
  7 hobgoblins
  4 jackals
  4 quokkas
  7 bats
  3 frilled lizards
  2 giant cockroach zombies
  7 goblins
  2 jackal skeletons
  12 kobolds
  9 rats
244 creatures vanquished.

Vanquished Creatures (collateral kills)
  Menkaure (D:6)
  A bullfrog (D:6)
  3 orc wizards
  A river rat (Sewer)
  4 worms
  5 orcs
  2 giant cockroaches (D:5)
  A goblin (D:5)
  A jackal (D:8)
  A quokka (D:5)
  3 rats (Sewer)
23 creatures vanquished.

Vanquished Creatures (others)
  3 slaves (D:8)
  A scorpion (D:8)
  A killer bee (D:8)
  An orc priest (D:8)
  An orc wizard (D:8)
  2 orcs (D:8)
  A plant (D:2)
10 creatures vanquished.

Grand Total: 277 creatures vanquished

Notes
Turn   | Place    | Note
-------+----------+-------------------------------------------
     0 | D:1      | Mefis the Deep Elf Wizard began the quest for the Orb.
     0 | D:1      | Reached XP level 1. HP: 10/10 MP: 7/7
   254 | D:1      | Reached XP level 2. HP: 15/15 MP: 5/9
   258 | D:1      | Learned a level 2 spell: Call Imp
   261 | D:1      | Learned a level 2 spell: Blink
   264 | D:1      | Learned a level 2 spell: Repel Missiles
   941 | D:2      | Reached skill level 5 in Spellcasting
   962 | D:2      | Reached XP level 3. HP: 19/19 MP: 4/11
   967 | D:2      | Learned a level 3 spell: Mephitic Cloud
  1099 | D:2      | Noticed Natasha
  1259 | D:2      | Found a shimmering altar of Xom.
  1780 | D:2      | Killed Natasha
  1780 | D:2      | Reached skill level 1 in Air Magic
  1780 | D:2      | Reached XP level 4. HP: 18/24 MP: 2/13
  2017 | D:2      | Noticed Natasha
  2288 | D:2      | Killed Natasha
  2376 | D:2      | Learned a level 3 spell: Conjure Flame
  2412 | D:2      | Noticed Natasha
  2582 | D:2      | Killed Natasha
  2582 | D:2      | Reached XP level 5. HP: 24/28 MP: 11/15
  2891 | D:3      | Found a blossoming altar of Fedhas.
  3104 | D:3      | Reached skill level 1 in Poison Magic
  3495 | D:4      | Found Fane's Armour Shop.
  3540 | D:4      | Reached skill level 6 in Spellcasting
  3540 | D:4      | Reached XP level 6. HP: 32/32 MP: 9/17
  3544 | D:4      | Learned a level 2 spell: Slow
  3834 | D:4      | Reached skill level 1 in Hexes
  4099 | D:4      | Reached XP level 7. HP: 26/36 MP: 10/19
  4433 | D:4      | Found a sacrificial altar of Ru.
  4456 | D:5      | Entered Level 5 of the Dungeon
  4478 | D:5      | Found a radiant altar of Vehumet.
  4511 | D:5      | Found a snail-covered altar of Cheibriados.
  4584 | D:6      | Noticed Menkaure
  4602 | D:6      | Killed Menkaure
  4602 | D:6      | Reached skill level 5 in Stealth
  4602 | D:6      | Reached skill level 7 in Spellcasting
  4648 | D:5      | Found a bloodstained altar of Trog.
  4649 | D:5      | Found a glowing drain.
  4677 | D:6      | Found a staircase to the Ecumenical Temple.
  4901 | Sewer    | Entered a sewer
  5217 | Sewer    | Found a glowing silver altar of Zin.
  5282 | Temple   | Entered the Ecumenical Temple
  5330 | Temple   | Became a worshipper of Sif Muna the Loreminder
  5525 | D:5      | Reached XP level 8. HP: 41/41 MP: 1/21
  5658 | D:5      | Found Ikyxawk's General Store.
  5677 | D:5      | Bought a potion of flight for 39 gold pieces
  5677 | D:5      | Bought a scroll of identify for 26 gold pieces
  5677 | D:5      | Bought a scroll of fear for 45 gold pieces
  5677 | D:5      | Bought a scroll of identify for 26 gold pieces
  6131 | D:5      | Reached skill level 8 in Spellcasting
  6566 | D:5      | Reached skill level 5 in Dodging
  7043 | D:5      | Found a burning altar of Makhleb.
  7312 | D:4      | Bought the +0 pair of boots of Spite {Str-3 Int+7 Dex+5} for 334 gold pieces
  7376 | D:6      | Learned a level 4 spell: Cause Fear
  7380 | D:6      | Learned a level 3 spell: Inner Flame
  7575 | D:6      | Reached skill level 9 in Spellcasting
  7828 | D:6      | Reached * piety under Sif Muna
  7828 | D:6      | Reached XP level 9. HP: 43/45 MP: 12/24
  8040 | D:7      | Reached skill level 1 in Invocations
  8147 | D:7      | Reached skill level 1 in Evocations
  8287 | D:7      | Found a shattered altar of Ashenzari.
  8348 | D:7      | Reached skill level 5 in Conjurations
  8440 | D:7      | Reached skill level 5 in Hexes
  8645 | D:7      | Reached skill level 1 in Charms
  8835 | D:7      | Found Fueph's Assorted Antiques.
  9475 | D:8      | Noticed TuxedoFelix's ghost (journeyman HuFi)
 10083 | D:8      | Noticed a deep elf mage
 10086 | D:8      | Noticed a rust devil
 10089 | D:8      | Killed a deep elf mage
 10089 | D:8      | Reached skill level 1 in Shields
 10089 | D:8      | Reached skill level 10 in Spellcasting
 10124 | D:8      | Reached ** piety under Sif Muna
 10254 | D:8      | Noticed Pikel
 10267 | D:8      | Killed Pikel
 10267 | D:8      | Reached XP level 10. HP: 50/50 MP: 10/26
 12590 | D:9      | Noticed a gargoyle
 12666 | D:9      | Found a stormy altar of Qazlal.
 12852 | D:9      | Noticed a death yak
 12853 | D:9      | Reached skill level 11 in Spellcasting
 12992 | D:9      | Noticed PeterLawrence's ghost (novice GrFi)
 13120 | D:9      | Found a staircase to the Lair.
 13469 | Lair:1   | Entered Level 1 of the Lair of Beasts
 13469 | Lair:1   | Noticed a six-headed hydra
 13521 | Lair:1   | Found a labyrinth entrance.
 13530 | Lab      | Entered a labyrinth
 13673 | Lab      | Noticed a minotaur
 13786 | Lab      | Hit by a stone thrown by a minotaur

Skill      XL: |  1  2  3  4  5  6  7  8  9 10 |
---------------+-------------------------------+-----
Conjurations   | 2 3 4 5 6 |  6.3
Spellcasting   | 5 6 7 9 10 11 | 11.1
Dodging        | 3 4 5 6 7 |  7.0
Stealth        | 3 4 5 6 7 |  7.8
Air Magic      | 1 2 3 4 |  4.4
Poison Magic   | 1 |  1.6
Hexes          | 1 3 4 5 6 |  6.5
Invocations    | 2 3 |  3.8
Evocations     | 2 3 |  3.7
Charms         | 3 4 |  4.2
Shields        | 1 |  1.7
Summonings     | 2 3 |  3.4
Translocations | |  1.1

Action                   |  1- 3 |  4- 6 |  7- 9 | 10-12 || total
-------------------------+-------+-------+-------+-------++-------
Melee: Dagger            |     8 |    10 |       |       ||    18
       Falchion          |       |    10 |    49 |       ||    59
       Spear             |       |       |    99 |    56 ||   155
 Cast: Magic Dart        |    83 |   134 |   311 |   190 ||   718
       Repel Missiles    |     2 |       |       |     1 ||     3
       Mephitic Cloud    |     4 |     7 |    34 |    18 ||    63
       Call Imp          |     1 |     4 |    23 |     5 ||    33
       Conjure Flame     |       |     3 |    25 |    36 ||    64
       Slow              |       |       |     1 |    12 ||    13
       Inner Flame       |       |       |     6 |     4 ||    10
       Blink             |       |       |     6 |     4 ||    10
Evoke: Wand              |       |       |       |    22 ||    22
  Use: Scroll            |       |       |     7 |     2 ||     9
       Potion            |       |       |     1 |     2 ||     3
 Stab: Sleeping          |     2 |     3 |     1 |     4 ||    10
       Confused          |       |       |     8 |       ||     8
       Distracted        |       |       |     1 |       ||     1
  Eat: Chunk             |     3 |     7 |    14 |     9 ||    33
       Meat ration       |       |       |     1 |       ||     1
       Fruit             |       |       |       |     1 ||     1
Armor: Robe              |     8 |     4 |     9 |     6 ||    27
Dodge: Dodged            |    13 |    22 |    76 |    64 ||   175
       Deflected         |     2 |       |     4 |     4 ||    10
       Rpst.: Falchion   |       |     3 |     5 |       ||     8
